 Dungeon Crawl Stone Soup version 0.16.1-4-g8e1b745 (console) character file.

72 gw the Ducker (level 4, 0/26 HPs)
             Began as a Deep Elf Artificer on Mar 27, 2015.
             Slain by a gnoll
             ... wielding a +0 spear
              (10 damage)
             ... on level 3 of the Dungeon.
             The game lasted 00:02:25 (2823 turns).

gw the Ducker (Deep Elf Artificer)                  Turns: 2823, Time: 00:02:25

Health: 0/26       AC:  3    Str:  8      XL:     4   Next: 7%
Magic:  10/10      EV: 13    Int: 17      God:
Gold:   117        SH:  0    Dex: 14 (16) Spells: 0 memorised, 3 levels left

rFire  . . .     SeeInvis .     a - +0 short sword
rCold  . . .     Clarity  .     e - +0 leather armour
rNeg   . . .     SustAb   .     (no shield)
rPois  .         Gourm    .     (no helmet)
rElec  .         Spirit   .     (no cloak)
rCorr  .         Warding  .     (no gloves)
rMut   .         Stasis   .     (no boots)
MR     .....                    (no amulet)
Stlth  ++........               (no ring)
                                (no ring)

@: not resistant to hostile enchantments, unstealthy
A: no striking features
a: no special abilities


You were on level 3 of the Dungeon.
You were not hungry.

You visited 1 branch of the dungeon, and saw 3 of its levels.

You collected 117 gold pieces.

Inventory:

Hand weapons
 a - a +0 short sword (weapon)
Missiles
 j - 64 arrows
Armour
 e - a +0 leather armour (worn)
Magical devices
 b - a wand of flame (10)
 c - a wand of enslavement (15)
 d - a wand of random effects (15)
Scrolls
 h - a scroll of identify
Comestibles
 f - 2 bread rations
 g - 2 beef jerkies
 k - a meat ration


   Skills:
 + Level 2.2 Fighting
 - Level 1.0 Short Blades
 + Level 4.1 Dodging
 - Level 1.2 Stealth
 - Level 3.2 Evocations


You had 3 spell levels left.
You didn't know any spells.

Dungeon Overview and Level Annotations

Branches:
Dungeon (3/15)

Altars:


Message History

You barely miss the gnoll. The gnoll hits you but does no damage.
The gnoll completely misses you.
Unknown command.
Unknown command.
Unknown command.
Unknown command.
ATTACK MOVE TO (0,-1)
You hit the gnoll.
The gnoll is lightly wounded.
The gnoll hits you from afar with a spear.
The gnoll hits you with a club.
The gnoll hits you from afar with a spear.
Unknown command.
Unknown command.
Unknown command.
Unknown command.
ATTACK MOVE TO (-1,-1)
You completely miss the giant cockroach.
The gnoll hits you from afar with a spear!
You die...

. .... ... #
####.. .#
...#... ##.#
.#.....##...
.....gg...##...
#..sg..%.....
#..e### #
#.....##.#
#....#.<<.#
#..##......#
#.# #..###.#
#.. #..# ... #.
..... #..
(..... #..
...... .


You could see 3 gnolls and a giant cockroach.

Table legend:
 A = Turns spent in this place as a percentage of turns spent in the entire game.
 B = Non-inter-level travel turns spent in this place as a percentage of non-inter-level travel turns spent in the entire game.
 C = Inter-level travel turns spent in this place as a percentage of turns spent in this place.
 D = Turns resting spent in this place as a percentage of non-inter-level travel turns spent in this place.
 E = Turns spent auto-exploring this place as a percentage of non-inter-level travel turns spent in this place.
 F = Non-inter-level travel turns spent in this place divided by the number of levels of this place that you've seen.
                   A       B       C       D       E      F
               +-------+-------+-------+-------+-------+----------------------
         Total | 100.0 | 100.0 |   0.4 |   1.3 |   2.7 | 1080.3
       Dungeon | 100.0 | 100.0 |   0.4 |   1.3 |   2.7 | 1080.3
               +-------+-------+-------+-------+-------+----------------------

Table legend:
 A = Kills in this place as a percentage of kills in entire the game.
 B = Kills by you in this place as a percentage of kills by you in the entire game.
 C = Kills by friends in this place as a percentage of kills by friends in the entire game.
 D = Other kills in this place as a percentage of other kills in the entire game.
 E = Experience gained in this place as a percentage of experience gained in the entire game.
 F = Experience gained in this place divided by the number of levels of this place that you have seen.
                   A       B       C       D       E      F
               +-------+-------+-------+-------+-------+----------------------
         Total | 100.0 | 100.0 |  -nan |  -nan | 100.0 |  34.7
       Dungeon | 100.0 | 100.0 |  -nan |  -nan | 100.0 |  34.7
               +-------+-------+-------+-------+-------+----------------------

Vanquished Creatures
  Jessica (D:2)
  2 adders (D:2)
  5 goblins
  10 hobgoblins
  5 kobolds
  A quokka (D:2)
  2 bats (D:1)
  A giant cockroach (D:1)
  2 giant geckos
  2 giant newts (D:1)
  5 rats
36 creatures vanquished.

Notes
Turn   | Place    | Note
--------------------------------------------------------------
     0 | D:1      | gw, the Deep Elf Artificer, began the quest for the Orb.
     0 | D:1      | Reached XP level 1. HP: 11/11 MP: 2/2
   254 | D:1      | Reached skill level 1 in Fighting
   626 | D:1      | Reached XP level 2. HP: 14/16 MP: 5/5
  1469 | D:2      | Reached XP level 3. HP: 20/20 MP: 7/7
  1521 | D:2      | Noticed Jessica
  1523 | D:2      | Killed Jessica
  2155 | D:2      | Reached skill level 4 in Dodging
  2263 | D:2      | Reached XP level 4. HP: 24/26 MP: 10/10
  2823 | D:3      | Slain by a gnoll

Action                   |  1- 3 |  4- 6 || total
-------------------------+-------+-------++-------
Melee: Short sword       |   111 |    20 ||   131
Evoke: Wand              |     5 |       ||     5
  Use: Potion            |     2 |     1 ||     3
       Scroll            |     1 |     4 ||     5
 Stab: Sleeping          |     1 |     1 ||     2
  Eat: Chunk             |     4 |     2 ||     6

Vault maps used:
D:1:      dpeg_arrival_radiant
D:2:      nicolae_overflow_hidden_temple, due_unseen_surprise, uniq_jessica
D:3:      minmay_misc_feat_more_columns, kennysheep_big_empty_room,
          nemelex_xobeh_ov_fountains_minmay, uniq_robin
